 Dungeon Crawl Stone Soup version 0.23-a0-639-ga9a3373 (webtiles) character file.

58 Lavandula the Cutter (level 4, 2/27 HPs)
             Began as a Halfling Enchanter on Dec 29, 2018.
             Quit the game on level 4 of the Dungeon.
             The game lasted 00:04:59 (773 turns).

Lavandula the Cutter (Halfling Enchanter)            Turns: 773, Time: 00:05:00

Health: 2/27       AC:  3    Str:  6 (9)  XL:     4   Next: 20%
Magic:  1/6        EV: 14    Int: 11 (14) God:
Gold:   105        SH:  0    Dex: 12 (14) Spells: 0/6 levels left

rFire    + . .     SeeInvis .   a - +1 dagger
rCold    + . .     Gourm    .   (shield restricted)
rNeg     . . .     Faith    .   b - +0 robe
rPois    +         Spirit   .   (no helmet)
rElec    +         Reflect  .   j - +0 cloak (curse)
rCorr    +         Harm     .   (no gloves)
MR       .....                  (no boots)
Stlth    ++........             (no amulet)
HPRegen  0.09/turn              (no ring)
MPRegen  0.10/turn              (no ring)

@: lethally poisoned (2 -> 0), resistant, very slightly contaminated
A: small, mutation resistance 1
a: no special abilities


You were on level 4 of the Dungeon.
You were hungry.

You visited 1 branch of the dungeon, and saw 4 of its levels.

You collected 105 gold pieces.

Inventory:

Hand Weapons
 a - a +1 dagger (weapon)
 e - a +0 whip of holy wrath
 m - a +0 hunting sling
Armour
 b - a +0 robe (worn)
 j - a cursed +0 cloak (worn)
Scrolls
 c - 2 scrolls of remove curse {unknown}
 f - a scroll of identify {unknown}
 g - a scroll of amnesia {unknown}
 h - a scroll of fog {unknown}
 l - a scroll of immolation {unknown}
Comestibles
 d - 2 rations


   Skills:
 + Level 4.5 Short Blades
 - Level 2.1 Dodging
 - Level 3.2 Stealth
 - Level 1.5 Spellcasting
 - Level 2.4 Hexes


You couldn't memorise any spells.
You knew the following spells:

 Your Spells              Type           Power        Failure   Level  Hunger
a - Corona                Hex            #......      12%         1    ##.....
b - Ensorcelled Hibernat  Hex/Ice        #.....       28%         2    ###....
c - Confuse               Hex            #.......     34%         3    ####...

Your spell library contained the following spells:

 Spells                   Type           Power        Failure   Level  Hunger
 Tukima's Dance           Hex            #.......     34%         3    ####...
 Dazzling Spray           Conj/Hex       #.....       50%         3    ####...


Dungeon Overview and Level Annotations

Branches:
Dungeon (4/15)
 Temple: D:4-7

Altars:
Trog


Innate Abilities, Weirdness & Mutations

You are small and have problems with some larger weapons.
You are somewhat resistant to further mutation.


Message History

The worker ant closely misses you.
You barely miss the worker ant.
The worker ant is moderately wounded.
You feel sick. The worker ant misses you.
You hit the worker ant.
The worker ant is heavily wounded.
The worker ant barely misses you.
You hit the worker ant.
The worker ant is severely wounded.
The worker ant misses you.
You hit the worker ant.
The worker ant is severely wounded.
The worker ant bites you.
* * * LOW HITPOINT WARNING * * *
You hit the worker ant but do no damage.
The worker ant is severely wounded.
The worker ant bites you.
* * * LOW HITPOINT WARNING * * *
You aren't carrying any potions.
Are you sure you want to abandon this character and quit the game? (Confirm

#.....#.....#...#
#.....+.....#...#
+.....#.....#.....'...#
#.....#.....#.....#...#
#.....#....##.....#...#
#.....#....#.....######
#.....#....+.....#
+.....#....#.....#
#.....#.@..#al...#
#.....###a##.....#
#........l.....###
#..............#
+..............# ...#
#..............#
...######..............#
.......................#
.......................#


You could see an iguana and a worker ant.

Vanquished Creatures
  3 adders
  2 dart slugs
  A leopard gecko (D:3)
  An orc (D:3)
  3 bats
  2 giant cockroaches
  4 goblins
  2 jackals (D:2)
  2 kobolds (D:2)
  A frilled lizard (D:3)
  4 rats
25 creatures vanquished.

Notes
Turn   | Place    | Note
-------+----------+-------------------------------------------
     0 | D:1      | Lavandula the Halfling Enchanter began the quest for the
                  | Orb.
     0 | D:1      | Reached XP level 1. HP: 11/11 MP: 3/3
   136 | D:2      | Reached skill level 2 in Short Blades
   189 | D:2      | Reached XP level 2. HP: 14/17 MP: 2/4
   254 | D:2      | Learned a level 2 spell: Ensorcelled Hibernation
   320 | D:2      | Reached skill level 3 in Short Blades
   320 | D:2      | Reached XP level 3. HP: 17/21 MP: 2/5
   578 | D:3      | Reached skill level 4 in Short Blades
   605 | D:3      | Found a bloodstained altar of Trog.
   638 | D:4      | Reached XP level 4. HP: 27/27 MP: 3/6
   643 | D:4      | Learned a level 3 spell: Confuse
   773 | D:4      | Quit the game

Vault maps used:
D:1:      dpeg_arrival_court
D:3:      lightli_temple_of_fire, uniq_crazy_yiuf_cottage
D:4:      temple_pool_b

Skill      XL: |  1  2  3 |
---------------+----------+-----
Short Blades   | 2 3 4 |  4.5
Dodging        | |  2.1
Stealth        | |  3.2
Spellcasting   | |  1.5
Hexes          | |  2.4

Action                   |  1- 3 |  4- 6 || total
-------------------------+-------+-------++-------
Melee: Dagger            |    82 |    14 ||    96
 Cast: Corona            |    15 |       ||    15
       Ensorcelled Hiber |     2 |     4 ||     6
  Use: Potion            |       |     2 ||     2
 Stab: Sleeping          |     5 |     1 ||     6
Armor: Robe              |    17 |       ||    17
Dodge: Dodged            |    63 |    16 ||    79

Table legend:
 A = Non-vault XP
 B = Vault XP
 C = Vault XP percentage of total XP
 D = Non-vault monster count
 E = Vault monster count
 F = Vault count percentage of total count
                 A         B        C        D         E       F
            +---------+---------+-------+---------+---------+-------
      Total |      83 |       0 |   0.0 |      25 |       0 |   0.0
            +---------+---------+-------+---------+---------+-------
        D:1 |       5 |       0 |   0.0 |       2 |       0 |   0.0
        D:2 |      30 |       0 |   0.0 |      10 |       0 |   0.0
        D:3 |      22 |       0 |   0.0 |      11 |       0 |   0.0
        D:4 |      26 |       0 |   0.0 |       2 |       0 |   0.0
            +---------+---------+-------+---------+---------+-------
